 Dungeon Crawl Stone Soup version 0.31-a0-662-g684573625c (webtiles) character file.

Game seed: 2804558335020006558

102 sampeng1 the Chopper (level 5, -1/63 HPs)
             Began as a Human Berserker on Aug 31, 2023.
             Was a Believer of Trog.
             Succumbed to a scorpion's poison
             ... on level 4 of the Dungeon.
             The game lasted 00:06:21 (2716 turns).

sampeng1 the Chopper (Human Berserker)              Turns: 2716, Time: 00:06:21

Health: -1/63      AC: 10    Str: 20    XL:     5   Next: 5%
Magic:  5/5        EV:  9    Int:  7    God:    Trog [**....]
Gold:   149        SH:  0    Dex: 12    Spells: 4/4 levels left

rFire   . . .        a - +0 hand axe
rCold   . . .        d - orb {light}
rNeg    . . .        f - +0 chain mail
rPois   .            (no helmet)
rElec   .            (no cloak)
rCorr   .            (no gloves)
SInv    .            j - +0 pair of boots
Will    .....        (no amulet) Stlth
                     (no ring)
HPRegen 0.30/turn    (no ring)
MPRegen 0.09/turn

%: no passive effects
@: berserking, lethally poisoned (-1 -> -11), glowing, very quick
A: no striking features
a: Renounce Religion, Berserk, Trog's Hand


You were on level 4 of the Dungeon.
You worshipped Trog.
Trog was pleased with you.
You visited 1 branch of the dungeon, and saw 4 of its levels.

You collected 149 gold pieces.

Inventory:

Hand Weapons
 a - a +0 hand axe (weapon)
Missiles
 c - 8 boomerangs (quivered)
 n - 6 darts of dispersal
Armour
 d - an orb of light (worn)
 f - a +0 chain mail (worn)
 j - a +0 pair of boots (worn)
Scrolls
 e - a scroll of identify {unknown}
 h - a scroll of noise {unknown}
 i - a scroll of enchant weapon {unknown}
 m - a scroll of fog {unknown}
Potions
 b - 2 potions of mutation {unknown}
 g - a potion of curing {unknown}
 k - a potion of resistance {unknown}
 l - a potion of invisibility {unknown}


   Skills:
 + Level 3.6 Fighting
 + Level 3.7 Axes
 + Level 2.8 Armour
 + Level 3.0 Dodging


You had 4 spell levels left.
You didn't know any spells.
Your spell library was empty.

Dungeon Overview and Level Annotations

Branches:
Dungeon (4/15)
 Temple: D:4-7

Altars:
Ashenzari
Gozag
Makhleb
Sif Muna


Message History

The scorpion stings you but does no damage.
You barely miss the scorpion.
You feel sick. The scorpion stings you.
You hit the scorpion but do no damage.
You feel sick.
The scorpion stings you but does no damage.
The scorpion stings you.
You hit the scorpion.
The scorpion is moderately wounded.
You feel sick. The scorpion stings you.
You are more poisoned.
The scorpion poisons you!
You hit the scorpion but do no damage.
The scorpion is moderately wounded.
You feel very sick. The scorpion barely misses you.
You completely miss the scorpion.
The scorpion is moderately wounded.
You feel sick.
The scorpion stings you but does no damage.
You slash the scorpion!
The scorpion is heavily wounded.
You feel sick. The scorpion stings you.
* * * LOW HITPOINT WARNING * * *
You are lethally poisoned!
The scorpion poisons you!
The scorpion stings you but does no damage.
You barely miss the scorpion.
The scorpion is heavily wounded.
* * * LOW HITPOINT WARNING * * *
You feel very sick.
The scorpion stings you but does no damage.
You hit the scorpion.
The scorpion is severely wounded.
* * * LOW HITPOINT WARNING * * *
You feel very sick.
The scorpion stings you but does no damage.
The scorpion stings you.
* * * LOW HITPOINT WARNING * * *
A red film seems to cover your vision as you go berserk!
You feel yourself moving faster!
You feel mighty!
You die...

#. . .#.#. ....#.
......
.....#########...
#......<.......
#......#.......
#$..@..........
#...s.##.......
.........#
#......
.........# ......
.......... ......
.....######
###... .....
.....


You could see a scorpion.

Vanquished Creatures
  3 adders (D:3)
  2 worms (D:3)
  4 dart slugs
  3 orcs (D:3)
  A ball python (D:2)
  8 bats
  5 endoplasms
  4 giant cockroaches
  5 goblins
  7 hobgoblins
  4 kobolds
  A quokka (D:3)
  3 frilled lizards (D:3)
  A rat (D:1)
51 creatures vanquished.

Notes
Turn   | Place    | Note
-------+----------+-------------------------------------------
     0 | D:1      | sampeng1 the Human Berserker began the quest for the Orb.
     0 | D:1      | Reached XP level 1. HP: 18/18 MP: 1/1
   162 | D:1      | Reached XP level 2. HP: 24/24 MP: 2/2
   948 | D:2      | Reached XP level 3. HP: 29/29 MP: 3/3
  1617 | D:2      | Found a faded altar of an unknown god.
  1711 | D:3      | Found a broken altar of Ashenzari.
  1720 | D:3      | Reached XP level 4. HP: 25/35 MP: 4/4
  1804 | D:3      | Reached ** piety under Trog
  2081 | D:3      | Found a burning altar of Makhleb.
  2402 | D:3      | Reached XP level 5. HP: 34/42 MP: 5/5
  2526 | D:3      | Found a shimmering blue altar of Sif Muna.
  2527 | D:3      | Found an opulent altar of Gozag.
  2715 | D:4      | HP: 1/42 [scorpion (2)]
  2716 | D:4      | Succumbed to a scorpion's poison

Illustrated notes

Levels and vault maps discovered:
D:1:      dpeg_arrival_concentric_ovals, layout_basic
D:2:      layout_basic, shapermc_ecumenical_altar_hornbeckon
D:3:      layout_basic, bloody_makhleb, mainiacjoe_overflow_brackets,
          gammafunk_temple_overflow_pools
D:4:      layout_rooms, amcnicky_altar_gilded, mainiacjoe_overflow_tiny_flanked,
          minmay_temple_entry_sparse_star, uniq_eustachio, uniq_natasha

Skill      XL: |  1  2  3  4  5 |
---------------+----------------+-----
Dodging        | 3 |  3.0
Fighting       | |  3.6
Axes           | |  3.7
Armour         | |  2.8

Action                     |  1- 3 |  4- 6 || total
---------------------------+-------+-------++-------
  Melee: Hand axe          |   102 |    68 ||   170
         Punch             |     1 |       ||     1
 Invoke: Berserk           |       |     1 ||     1
    Use: Scroll            |     2 |       ||     2
         Potion            |     1 |       ||     1
 Armour: Leather armour    |    17 |       ||    17
         Chain mail        |    52 |    54 ||   106
  Dodge: Dodged            |    52 |    28 ||    80

Table legend: (Time is in decaauts)
 A = Elapsed time spent in this place.
 B = Non-inter-level travel time spent in this place.
 C = Inter-level travel time spent in this place.
 D = Time resting spent in this place.
 E = Time spent auto-exploring this place.
 F = Levels seen in this place.
 G = Mean time per level.
                   A        B        C        D        E       F      G
               +--------+--------+--------+--------+--------+-----+--------+
         Total |   2746 |   2584 |    162 |      5 |   1972 |   4 |  686.5 |
       Dungeon |   2746 |   2584 |    162 |      5 |   1972 |   4 |  686.5 |
               +--------+--------+--------+--------+--------+-----+--------+

Top non-repeatable levels by time:
     D:3: 1039 daAuts
     D:1: 934 daAuts
     D:2: 757 daAuts
     D:4: 15 daAuts
